 Dungeon Crawl Stone Soup version 0.14-a0-2746-g43b4f9c (webtiles) character file.

335 MackTheKnife the Cudgeler (level 5, -3/45 HPs)
             Began as a Minotaur Fighter on Feb 22, 2014.
             Slain by an ogre
             ... wielding a +0,+0 giant club
              (19 damage)
             ... on Level 4 of the Dungeon.
             The game lasted 00:03:25 (2472 turns).

MackTheKnife the Cudgeler (Minotaur Fighter)        Turns: 2472, Time: 00:03:26

HP  -3/45        AC  8     Str 21      XL: 5   Next: 47%
MP   2/2         EV  6     Int  5      God:
Gold 137         SH 19     Dex 10      Spells:  0 memorised,  4 levels left

rFire  . . .     SeeInvis .     a - +0 mace
rCold  . . .     Clarity  .     y - +0 scale mail
rNeg   . . .     Conserve .     c - +0 shield
rPois  +         rCorr    .     (helmet restricted)
rElec  .         rRot     .     v - +0 cloak
SustAb . .       Spirit   .     (no gloves)
rMut   .         Warding  .     (no boots)
Saprov . . .     Stasis   .     (no amulet)
MR     .....                    w - ring of poison resistance
                                z - ring of regeneration

@: not resistant to hostile enchantments, extremely unstealthy
A: retaliatory headbutt, horns 2
a: no special abilities


You were on level 4 of the Dungeon.
You were not hungry.

You visited 1 branch of the dungeon, and saw 4 of its levels.

You collected 137 gold pieces.


Innate Abilities, Weirdness & Mutations

You reflexively headbutt those who attack you in melee.
You have a pair of horns on your head.


   Skills:
 - Level 3.6 Fighting
 + Level 7.0 Maces & Flails
 - Level 3.6 Armour
 - Level 3.6 Shields


You had 4 spell levels left.
You didn't know any spells.

Inventory:

Hand weapons
 a - a +0,+0 mace (weapon)
Armour
 c - a +0 shield (worn)
 v - a +0 cloak (worn)
 y - a +0 scale mail (worn)
Comestibles
 d - 5 bread rations
 l - an apple
 q - a slice of pizza
 B - 2 chunks of worker ant flesh {@*1}
Scrolls
 b - a scroll of enchant armour {unknown}
 e - 2 scrolls of remove curse
 f - a scroll of magic mapping {unknown}
 g - 3 scrolls of random uselessness
 i - 3 scrolls of identify
 m - 2 scrolls of curse jewellery {unknown}
 n - a scroll of recharging {unknown}
 p - a scroll of fog {unknown}
 r - a scroll of fear {unknown}
 u - a scroll of blinking {unknown}
 A - a scroll of curse armour {unknown}
Jewellery
 w - a ring of poison resistance (right hand)
 z - a ring of regeneration (left hand)
Potions
 h - a potion of heal wounds
 j - a potion of agility {unknown}
 k - 2 potions of might
 o - 3 potions of curing
 s - a potion of confusion {!q}
 t - a potion of porridge
 x - a potion of speed {unknown}

········▒ ▒·▒▒▒▒·▒▒▒
········▒ ▒·▒ ▒·▒
········O▒ ▒·▒ ▒·▒
···£··h··▒▒▒▒▒▒▒▒·▒▒▒▒·▒
··········>············▒
·▒·▒·▒▒▒▒·▒▒▒▒▒▒·▒▒·▒▒▒
▒ ▒·▒····▒·▒▒·▒
▒O▒·▒▒·▒····▒
▒H▒·▒▒·▒·▒··▒
▒·▒·▒▒·▒·▒··▒
▒·▒·▒▒·▒·▒··▒▒▒▒▒▒
▒·▒··▒·▒·▒········
▒·▒▒·▒···▒···▒▒▒▒▒
··▒▒·▒▒▒·▒········
▒▒▒▒·▒▒▒·····▒▒▒▒▒
▒·▒▒······▒ ▒·▒▒·▒▒▒▒▒▒


You could see an ogre.


Message History

You closely miss the jackal.
The jackal is severely wounded.
You block the jackal's attack.
Your shield prevents you from hitting the jackal.
The jackal is severely wounded.
You block the jackal's attack.
The jackal bites you but does no damage.
You hit the jackal.
You kill the jackal!
You block the jackal's attack.
You miss the jackal.
The jackal bites you but does no damage.
You hit the jackal.
You kill the jackal!
You hit the jackal.
You kill the jackal!
You hit the ogre.
The ogre is lightly wounded.
You block the ogre's attack.
You hit the ogre but do no damage.
The ogre is lightly wounded.
The ogre hits you with a giant club!
You sock the ogre!
The ogre is moderately wounded.
The ogre hits you with a giant club!
* * * LOW HITPOINT WARNING * * *
You sock the ogre!
The ogre is severely wounded.
The ogre hits you with a giant club!
You die...

Action                   |  1- 3 |  4- 6 || total
-------------------------+-------+-------++-------
Melee: Mace              |    96 |    76 ||   172
  Use: Potion            |     4 |       ||     4
       Scroll            |       |     3 ||     3

Vault maps used:
D:1:      saegor_arrival_simple_B
D:2:      first_bread, serial_bayou_pond_b, elyvilon_altar_3

Notes
Turn   | Place    | Note
--------------------------------------------------------------
     0 | D:1      | MackTheKnife, the Minotaur Fighter, began the quest for the Orb.
     0 | D:1      | Reached XP level 1. HP: 19/19 MP: 1/1
   331 | D:1      | Reached skill level 3 in Maces & Flails
   371 | D:1      | Reached XP level 2. HP: 26/26 MP: 1/1
   692 | D:2      | Reached skill level 4 in Maces & Flails
   723 | D:2      | Reached XP level 3. HP: 28/31 MP: 2/2
   961 | D:2      | Found a white marble altar of Elyvilon.
  1455 | D:3      | HP: 2/31 [quokka (2)]
  1460 | D:3      | HP: 2/31 [orc priest/divine providence (11)]
  1471 | D:3      | HP: 1/31 [quokka (2)]
  1480 | D:3      | Reached skill level 5 in Maces & Flails
  1480 | D:3      | Reached XP level 4. HP: 18/39 MP: 2/2
  1808 | D:3      | Reached skill level 6 in Maces & Flails
  1901 | D:3      | Reached XP level 5. HP: 28/45 MP: 2/2
  2391 | D:4      | Reached skill level 7 in Maces & Flails
  2455 | D:4      | Noticed an ogre
  2472 | D:4      | Slain by an ogre

Vanquished Creatures
  An orc priest (D:3)
  An orc wizard (D:3)
  2 worker ants (D:4)
  An adder (D:3)
  A giant mite (D:3)
  2 worms
  An ooze (D:2)
  5 orcs (D:3)
  7 hobgoblins
  10 jackals
  5 quokkas
  A ball python (D:1)
  6 bats
  A giant cockroach (D:1)
  A giant gecko (D:1)
  4 giant newts
  7 goblins
  7 kobolds
  6 rats
  A butterfly (D:2)
70 creatures vanquished.
